 Seeded DCSS version 0.30.1-9-gdf580d7c3d (webtiles) character file.

Game seed: 5 (custom seed)

758 Kazon the Shield-Bearer (level 7, -4/43 HPs)
             Began as a Gargoyle Fighter on Oct 13, 2023.
             Was a Follower of Okawaru.
             Slain by an ogre
             ... wielding a +0 giant spiked club
              (14 damage)
             ... on level 5 of the Dungeon.
             The game lasted 00:13:41 (3037 turns).

Kazon the Shield-Bearer (Gargoyle Fighter)          Turns: 3037, Time: 00:13:41

Health: -4/43      AC: 13    Str: 21    XL:     7   Next: 80%
Magic:  18/18      EV:  7    Int:  9    God:    Okawaru [*.....]
Gold:   203        SH: 19    Dex: 17    Spells: 6/6 levels left

rFire   . . .        f - +0 hand axe (flame)
rCold   . . .        c - +0 tower shield
rNeg    + . .        b - +0 scale mail
rPois   ∞            i - +0 helmet
rElec   +            (no cloak)
rCorr   +            (no gloves)
SInv    .            (no boots)
Will    .....        e - amulet "Oklyedig" {Reflect Rampage rCorr Str+2 SH+5 Stlth+}
Stlth   ++           t - ring of magical power
HPRegen 0.27/turn    A - +6 ring of dexterity
MPRegen 0.16/turn

%: reflection, rampage
@: no status effects
A: sickness immunity, AC +4, negative energy resistance 1, electricity
resistance, torment resistance 1, petrification resistance
a: Renounce Religion, Heroism


You were on level 5 of the Dungeon.
You worshipped Okawaru.
Okawaru was aware of your devotion.
You visited 2 branches of the dungeon, and saw 6 of its levels.

You collected 203 gold pieces.

Inventory:

Hand Weapons
 a - a +0 flail
 f - a +0 hand axe of flaming (weapon)
 w - the +2 sling "Qeuhanocyt" {speed, rElec Str-3 Dex+2}
   (You found it on level 3 of the Dungeon)

   Str:       It affects your strength (-3).
   Dex:       It affects your dexterity (+2).
   rElec:     It insulates you from electricity.
Missiles
 k - 3 boomerangs
 u - 4 poisoned darts
 v - 4 stones (quivered)
Armour
 b - a +0 scale mail (worn)
 c - a +0 tower shield (worn)
 i - a +0 helmet (worn)
Jewellery
 e - the amulet "Oklyedig" (around neck) {Reflect Rampage rCorr Str+2 SH+5 Stlth+}
   (You acquired it on level 1 of the Dungeon)

   [amulet of reflection]

   It reflects blocked missile attacks.
   Str:       It affects your strength (+2).
   rCorr:     It protects you from acid and corrosion.
   SH:        It affects your SH (+5).
   Rampage:   It bestows one free step when moving towards enemies.
   Stlth:     It makes you more stealthy.
 t - a ring of magical power (left hand)
 A - a +6 ring of dexterity (right hand)
Wands
 x - a wand of paralysis (8)
Scrolls
 g - a scroll of fog {unknown}
 l - a scroll of teleportation
 m - a scroll of blinking {unknown}
 n - 2 scrolls of magic mapping {unknown}
 o - a scroll of summoning {unknown}
 p - 2 scrolls of identify {unknown}
 y - a scroll of amnesia {unknown}
 z - a scroll of torment {unknown}
Potions
 d - a potion of might
 h - a potion of resistance {unknown}
 j - 3 potions of curing {unknown}
 q - 2 potions of invisibility {unknown}
 r - a potion of berserk rage {unknown}
 s - a potion of flight {unknown}
 B - 2 potions of heal wounds {unknown}
 C - a potion of lignification {unknown}
 D - a potion of attraction {unknown}


   Skills:
 + Level 4.3 Fighting
 + Level 1.0(2.3) Axes
 + Level 3.7(3.8) Maces & Flails
 + Level 0.5 Ranged Weapons
 + Level 2.1 Throwing
 + Level 4.1 Armour
 + Level 1.0 Dodging
 + Level 3.3 Stealth
 + Level 4.9 Shields
 * Level 3.0 Invocations
 * Level 1.6 Evocations


You had 6 spell levels left.
You didn't know any spells.
Your spell library contained the following spells:

 Spells                   Type           Power      Damage    Failure   Level
 Frozen Ramparts          Ice            0%         1d1       100%        3
 Ice Form                 Ice/Tmut       0%         N/A       100%        4
 Summon Ice Beast         Ice/Summ       Unusable   N/A       N/A         4

Dungeon Overview and Level Annotations

Branches:
Dungeon (5/15)             Temple (1/1) D:4

Altars:
Dithmenos
Fedhas
Gozag
Hepliaklqana
Okawaru
Qazlal
Trog
Uskayaw
Wu Jian
The Shining One


Innate Abilities, Weirdness & Mutations

You are immune to sickness and miasma.
Your stone body is resilient. (AC +4)
You are immune to poison.
You resist negative energy. (rN+)
You are resistant to electric shocks. (rElec)
You are resistant to unholy torment.
You are immune to petrification.


Message History

Okawaru accepts your kill.
You miss the adder. You block the adder's attack. x2
The gnoll barely misses you.
You hit the adder. You burn the adder.
The adder is heavily wounded.
The adder bites you but does no damage.
An ogre comes into view. It is wielding a +0 giant spiked club.
The adder closely misses you. You block the gnoll's attack.
The adder attacks as you move away! The adder bites you.
You block the adder's attack. The adder attacks as you move away!
The adder barely misses you. The adder attacks as you move away!
You block the adder's attack. The adder bites you but does no damage.
You hit the adder. You burn the adder.
You kill the adder!
Okawaru accepts your kill. The gnoll hits you but does no damage.
Your Dodging skill increases to level 1!
You rampage towards the gnoll!
You closely miss the gnoll. You barely miss the gnoll.
You block the gnoll's attack. x2
The gnoll closely misses you. The gnoll hits you with a +0 spear.
You slash the gnoll! You burn the gnoll.
You kill the gnoll!
Okawaru accepts your kill.
You hit the gnoll. You burn the gnoll. The gnoll hits you but does no damage.
You hit the gnoll but do no damage.
The gnoll is lightly wounded.
The gnoll hits you but does no damage. You block the gnoll's attack.
You block the ogre's attack.
You hit the ogre. You burn the ogre.
The ogre is moderately wounded.
You hit the gnoll. You burn the gnoll. The gnoll misses you.
The ogre hits you with a +0 giant spiked club!!
Ouch! That really hurt!
* * * LOW HITPOINT WARNING * * *
You hit the ogre. You burn the ogre.
The ogre is heavily wounded.
You hit the gnoll but do no damage. You block the gnoll's attack.
The ogre hits you with a +0 giant spiked club!
You die...

.....# ##+##......#
.....# #).....# .....+
#......# .....#
#.)....# .....#
#......# .....#...#
#......# .....+...#
#......# .....#...#
#gO....#
.....#)..#######@.....#
.....#...#............#
.....#...#............#
.....#'###............#
......................#
......................#
......................#
..........######......#
..........# #......#


You could see an ogre and a gnoll.

Vanquished Creatures
  Sigmund (D:4)
  2 black bears (D:4)
  A scorpion (D:4)
  2 hounds (D:5)
  A jelly (D:5)
  3 iguanas
  3 gnolls (D:5)
  7 adders
  An ufetubus (D:4)
  3 worms
  6 orcs
  4 bats
  9 endoplasms
  A giant cockroach (D:1)
  12 goblins
  7 hobgoblins
  11 jackals
  3 kobolds
  3 quokkas (D:4)
  6 ball pythons
  3 frilled lizards
  4 rats
93 creatures vanquished.

Notes
Turn   | Place    | Note
-------+----------+-------------------------------------------
     0 | D:1      | Kazon the Gargoyle Fighter began the quest for the Orb.
     0 | D:1      | Reached XP level 1. HP: 14/14 MP: 1/1
    38 | D:1      | Identified a scroll of acquirement
    38 | D:1      | Acquired the amulet "Oklyedig" {Reflect Rampage rCorr Str+2
                  | SH+5 Stlth+}
    61 | D:1      | Reached XP level 2. HP: 3/19 MP: 2/2
   328 | D:1      | Reached XP level 3. HP: 23/23 MP: 3/3
   856 | D:2      | Reached skill level 1 in Stealth
   928 | D:2      | Reached skill level 1 in Throwing
   928 | D:2      | Reached XP level 4. HP: 28/28 MP: 4/4
  1532 | D:3      | Found a faded altar of an unknown god.
  1553 | D:3      | Identified the +2 sling "Qeuhanocyt" {speed, rElec Str-3
                  | Dex+2}
  1585 | D:3      | Found a stormy altar of Qazlal.
  1751 | D:3      | Found a blossoming altar of Fedhas.
  1759 | D:3      | Reached XP level 5. HP: 33/33 MP: 5/5
  2014 | D:4      | Found a staircase to the Ecumenical Temple.
  2022 | Temple   | Entered the Ecumenical Temple
  2036 | Temple   | Became a worshipper of Warmaster Okawaru
  2099 | D:4      | Noticed a black bear
  2112 | D:4      | Killed a black bear
  2113 | D:4      | Reached skill level 1 in Invocations
  2121 | D:4      | Found a hazy altar of Hepliaklqana.
  2124 | D:4      | Found a shadowy altar of Dithmenos.
  2125 | D:4      | Noticed a shadow
  2188 | D:4      | Noticed Sigmund
  2194 | D:4      | Killed Sigmund
  2194 | D:4      | Reached * piety under Okawaru
  2195 | D:4      | Reached XP level 6. HP: 38/38 MP: 7/7
  2259 | D:4      | Noticed a black bear
  2271 | D:4      | Killed a black bear
  2272 | D:4      | Reached skill level 1 in Evocations
  2272 | D:4      | Reached XP level 7. HP: 35/43 MP: 8/8
  2851 | D:5      | Entered Level 5 of the Dungeon
  2926 | D:5      | Reached skill level 1 in Axes
  3033 | D:5      | Reached skill level 1 in Dodging
  3037 | D:5      | Slain by an ogre

Illustrated notes

Levels and vault maps discovered:
D:1:      ebering_trefoil_3fold, layout_basic, st_stairs_14, serial_bayou_ford_a
D:2:      layout_basic, hangedman_decor_growths, minmay_close_crescents
D:3:      layout_rooms, mainiacjoe_overflow_concentric_impassable,
          mainiacjoe_overflow_paths, shapermc_ecumenical_altar_acropolis,
          chequers_serial_rivers_micro_b
D:4:      layout_basic, riverfiend_overflow_shadow_ancestor,
          minmay_temple_entry_glass, uniq_sigmund
D:5:      layout_gridville
Temple:   nicolae_temple_elliptical

Skill      XL: |  1  2  3  4  5  6  7 |
---------------+----------------------+-----
Stealth        | 1 3 |  3.3
Throwing       | 1 2 |  2.1
Maces & Flails | 3 |  3.7
Shields        | 4 |  4.9
Invocations    | 1 2 3 |  3.0
Fighting       | 4 |  4.3
Armour         | 4 |  4.1
Evocations     | 1 |  1.6
Axes           | 1 |  1.0
Dodging        | 1 |  1.0
Ranged Weapons | |  0.5

Action                     |  1- 3 |  4- 6 |  7- 9 || total
---------------------------+-------+-------+-------++-------
  Melee: Flail             |   109 |   111 |       ||   220
         Hand axe          |       |    23 |   121 ||   144
   Fire: Sling             |       |     8 |     2 ||    10
  Throw: Stone             |       |     7 |    11 ||    18
         Dart              |       |     5 |       ||     5
    Use: Scroll            |     2 |     1 |       ||     3
         Potion            |     1 |       |       ||     1
   Stab: Sleeping          |       |       |     3 ||     3
 Armour: Scale mail        |    40 |    49 |    52 ||   141
  Dodge: Dodged            |    22 |    22 |    33 ||    77
  Block: Buckler           |    10 |       |       ||    10
         Tower shield      |    63 |   136 |   155 ||   354
         Reflection        |       |     3 |       ||     3
